General information
- name: BNet
- type: Ladder team game (AT/RT)
- host: Battle.net
- saver: ROFL_NOOBS
map: DragonFalls
- players: 8
- length: 09:37
- speed: Fast
- version: 1.26 W3XP
- replay type: Public
» download(59 KB)
Players
team 1 (winner)

»
yourBoss (
green | 53 APM | 513 actions | 09:37)
1 Blademaster
1 Wind Walk
» actions
| Basic commands | 11 | |
| Build / train | 34 | |
| Enter build submenu | 16 | |
| Enter hero's abilities submenu | 1 | |
| Right click | 153 | |
| Select / deselect | 265 | |
| Use ability | 33 | |
513 total
» units
» upgrades
| Ranged Weapons | 2 | |
| Armor | 2 | |
| Ensnare | 1 | |
| Melee Weapons | 1 | |
6 total
» buildings
| Orc Burrow | 5 | |
| War Mill | 1 | |
| Altar of Storms | 1 | |
| Voodoo Lounge | 1 | |
| Watch Tower | 4 | |
| Stronghold | 1 | |
| Fortress | 1 | |
| Beastiary | 3 | |
17 total
» build order
00:13 Orc Burrow
00:38 War Mill
01:08 Altar of Storms
01:32 Voodoo Lounge
01:46 Orc Burrow
02:20 Watch Tower
03:01 Watch Tower
03:34 Stronghold
03:38 Watch Tower
03:39 Watch Tower
05:04 Orc Burrow
05:04 Orc Burrow
05:06 Orc Burrow
06:08 Fortress
06:54 Beastiary
06:57 Beastiary
07:26 Beastiary
» items
| Healing Salve | 1 | |
| Lesser Clarity Potion | 2 | |
| Orb of Lightning | 1 | |
4 total

»
flame_striked (
orange | 51 APM | 482 actions | 09:25)
3 Priestess of the Moon
1 Searing Arrows
1 Scout
1 Trueshot Aura
» actions
| Assign group hotkey | 40 | |
| Basic commands | 24 | |
| Build / train | 27 | |
| ESC pressed | 1 | |
| Enter build submenu | 9 | |
| Enter hero's abilities submenu | 3 | |
| Right click | 212 | |
| Select / deselect | 69 | |
| Select group hotkey | 75 | |
| Use ability | 22 | |
482 total
» units
» upgrades
| Ultravision | 1 | |
| Strength of the Moon | 1 | |
| Moon Armor | 1 | |
3 total
» buildings
| Altar of Elders | 1 | |
| Moon Well | 4 | |
| Ancient of War | 1 | |
| Hunter's Hall | 1 | |
| Tree of Ages | 1 | |
| Tree of Life | 1 | |
| Keep | 1 | |
10 total
» build order
00:35 Altar of Elders
01:02 Moon Well
01:20 Ancient of War
02:38 Moon Well
03:37 Moon Well
03:57 Hunter's Hall
05:55 Tree of Ages
06:03 Moon Well
06:10 Tree of Life
07:48 Keep
» items

»
blntsmkr (
yellow | 46 APM | 328 actions | 07:06)
2 Mountain King
1 Storm Bolt
1 Bash
» actions
| Assign group hotkey | 18 | |
| Build / train | 42 | |
| ESC pressed | 15 | |
| Enter build submenu | 14 | |
| Enter hero's abilities submenu | 2 | |
| Give item / drop item | 1 | |
| Remove unit from queue | 1 | |
| Right click | 63 | |
| Select / deselect | 52 | |
| Select group hotkey | 89 | |
| Use ability | 31 | |
328 total
» units
| Peasant | 26 | |
| Footman | 1 | |
| Rifleman | 5 | |
32 total
» buildings
| Altar of Kings | 1 | |
| Farm | 7 | |
| Barracks | 2 | |
| Blacksmith | 1 | |
| Arcane Vault | 1 | |
| Lumber Mill | 1 | |
| Town Hall | 1 | |
14 total
» build order
00:07 Altar of Kings
00:13 Farm
00:14 Farm
00:58 Barracks
01:47 Blacksmith
01:56 Farm
02:03 Farm
02:49 Barracks
03:12 Arcane Vault
03:18 Farm
03:20 Farm
03:28 Farm
03:31 Lumber Mill
04:40 Town Hall
» items
NextUp (
purple | 31 APM | 302 actions | 09:37)
1 Blademaster
1 Wind Walk
» actions
| Basic commands | 1 | |
| Build / train | 24 | |
| Enter build submenu | 14 | |
| Enter hero's abilities submenu | 1 | |
| Right click | 157 | |
| Select / deselect | 88 | |
| Use ability | 17 | |
302 total
» units
» upgrades
» buildings
| Altar of Storms | 1 | |
| Orc Burrow | 6 | |
| Barracks | 1 | |
| Stronghold | 1 | |
| War Mill | 1 | |
| Voodoo Lounge | 1 | |
| Beastiary | 2 | |
| Great Hall | 1 | |
14 total
» build order
00:05 Altar of Storms
00:08 Orc Burrow
00:16 Barracks
02:32 Orc Burrow
03:29 Stronghold
05:00 Orc Burrow
05:06 War Mill
05:10 Voodoo Lounge
06:00 Orc Burrow
06:04 Beastiary
07:04 Beastiary
07:29 Orc Burrow
08:39 Orc Burrow
09:24 Great Hall
» items
| Healing Salve | 1 | |
| Potion of Mana | 1 | |
2 total
team 2 (loser)
ROFL_NOOBS (
red | 54 APM | 521 actions | 09:37)
2 Goblin Tinker
1 Pocket Factory
1 Engineering Upgrade
1 Beastmaster
1 Summon Quilbeast
» actions
| Assign group hotkey | 22 | |
| Basic commands | 28 | |
| Build / train | 25 | |
| Enter build submenu | 12 | |
| Enter hero's abilities submenu | 4 | |
| Right click | 159 | |
| Select / deselect | 128 | |
| Select group hotkey | 128 | |
| Use ability | 15 | |
521 total
» units
» upgrades
| Melee Weapons | 1 | |
| Armor | 2 | |
| Ensnare | 1 | |
4 total
» buildings
| Altar of Storms | 1 | |
| Orc Burrow | 4 | |
| Barracks | 1 | |
| Voodoo Lounge | 1 | |
| War Mill | 1 | |
| Stronghold | 1 | |
| Beastiary | 1 | |
| Fortress | 1 | |
11 total
» build order
00:05 Altar of Storms
00:25 Orc Burrow
00:29 Barracks
01:28 Voodoo Lounge
03:08 Orc Burrow
03:48 Orc Burrow
03:51 War Mill
04:51 Stronghold
05:39 Orc Burrow
07:23 Beastiary
07:43 Fortress
» items
tarragon (
pink | 47 APM | 452 actions | 09:37)
3 Death Knight
2 Death Coil
1 Unholy Aura
1 Lich
1 Frost Nova
» actions
| Build / train | 30 | |
| Enter build submenu | 10 | |
| Enter hero's abilities submenu | 4 | |
| Right click | 269 | |
| Select / deselect | 118 | |
| Use ability | 21 | |
452 total
» units
| Acolyte | 2 | |
| Ghoul | 3 | |
| Crypt Fiend | 6 | |
11 total
» upgrades
| Creature Attack | 2 | |
| Web | 1 | |
| Creature Carapace | 1 | |
4 total
» buildings
| Crypt | 1 | |
| Ziggurat | 5 | |
| Altar of Darkness | 1 | |
| Graveyard | 1 | |
| Tomb of Relics | 1 | |
| Halls of the Dead | 1 | |
| Nerubian Tower | 1 | |
| Spirit Tower | 1 | |
| Black Citadel | 1 | |
13 total
» build order
00:12 Crypt
00:15 Ziggurat
00:44 Altar of Darkness
01:06 Graveyard
01:39 Ziggurat
02:28 Tomb of Relics
03:19 Halls of the Dead
03:42 Ziggurat
04:29 Nerubian Tower
04:34 Spirit Tower
05:17 Ziggurat
07:31 Black Citadel
09:25 Ziggurat
» items
| Rod of Necromancy | 1 | |
| Dust of Appearance | 2 | |
| Potion of Healing | 1 | |
| Scroll of Healing | 1 | |
5 total
v17splash (
teal | 43 APM | 416 actions | 09:37)
2 Archmage
1 Summon Water Elemental
1 Brilliance Aura
» actions
| Assign group hotkey | 19 | |
| Basic commands | 13 | |
| Build / train | 45 | |
| Enter build submenu | 30 | |
| Enter hero's abilities submenu | 2 | |
| Right click | 84 | |
| Select / deselect | 117 | |
| Select group hotkey | 53 | |
| Use ability | 53 | |
416 total
» units
» upgrades
» buildings
| Farm | 8 | |
| Lumber Mill | 1 | |
| Altar of Kings | 1 | |
| Barracks | 1 | |
| Blacksmith | 2 | |
| Scout Tower | 15 | |
| Guard Tower | 11 | |
| Arcane Vault | 1 | |
| Keep | 2 | |
| Town Hall | 1 | |
43 total
» build order
00:19 Farm
00:52 Lumber Mill
00:55 Altar of Kings
01:09 Farm
01:45 Farm
02:02 Barracks
02:22 Farm
03:01 Blacksmith
03:05 Farm
03:11 Blacksmith
03:48 Farm
04:03 Scout Tower
04:06 Scout Tower
04:32 Guard Tower
04:32 Guard Tower
04:49 Guard Tower
05:12 Farm
05:32 Scout Tower
05:39 Scout Tower
06:09 Guard Tower
06:09 Guard Tower
06:12 Farm
06:15 Guard Tower
06:53 Arcane Vault
07:01 Keep
07:01 Keep
08:26 Town Hall
08:30 Scout Tower
08:32 Scout Tower
08:34 Scout Tower
08:36 Scout Tower
08:38 Scout Tower
08:40 Scout Tower
08:42 Scout Tower
09:06 Guard Tower
09:10 Scout Tower
09:12 Scout Tower
09:14 Guard Tower
09:15 Scout Tower
09:18 Scout Tower
DANTE101 (
blue | 32 APM | 305 actions | 09:37)
2 Naga Sea Witch
1 Frost Arrows
1 Forked Lightning
» actions
| Assign group hotkey | 6 | |
| Build / train | 27 | |
| Enter build submenu | 17 | |
| Enter hero's abilities submenu | 2 | |
| Remove unit from queue | 1 | |
| Right click | 85 | |
| Select / deselect | 87 | |
| Select group hotkey | 48 | |
| Use ability | 32 | |
305 total
» units
| Wisp | 11 | |
| Archer | 3 | |
| Huntress | 6 | |
| Satyr Shadowdancer | 1 | |
21 total
» buildings
| Moon Well | 8 | |
| Altar of Elders | 2 | |
| Ancient of War | 1 | |
| Hunter's Hall | 3 | |
| Ancient of Wonders | 1 | |
| Ancient Protector | 1 | |
| Tree of Ages | 1 | |
17 total
» build order
00:19 Moon Well
00:21 Altar of Elders
00:36 Altar of Elders
00:41 Ancient of War
04:22 Hunter's Hall
04:39 Hunter's Hall
04:54 Hunter's Hall
05:21 Ancient of Wonders
06:00 Ancient Protector
06:27 Tree of Ages
07:53 Moon Well
07:54 Moon Well
07:54 Moon Well
07:54 Moon Well
08:07 Moon Well
08:07 Moon Well
08:09 Moon Well
Chat log
(00:07 / All) ROFL_NOOBS: aw damn
(00:09 / All) ROFL_NOOBS: Did you save last replay?
(00:13 / All) ROFL_NOOBS: I meant to but I forgot
(00:14 / All) flame_striked: they autosave now
(00:16 / All) flame_striked: remember
(00:20 / All) flame_striked: check the folder!
(00:21 / All) ROFL_NOOBS: only the last one
(00:25 / All) blntsmkr: were you guys in my game ?
(00:28 / All) flame_striked: no, all of them save now
(00:32 / All) ROFL_NOOBS: really?
(00:35 / All) ROFL_NOOBS: Sure you're not talking about Sc2?
(00:41 / All) flame_striked: positive
(00:46 / All) ROFL_NOOBS: hmmm
(00:46 / All) flame_striked: ill upload it for you after this if you want
(00:53 / All) ROFL_NOOBS: i'll look after
(00:53 / All) NextUp: your hiv positive?
(01:57 / All) ROFL_NOOBS: LOL
(01:59 / All) ROFL_NOOBS: Blues wisps are scared
(02:03 / All) ROFL_NOOBS: They don't know what t od
(02:05 / All) flame_striked: lolol
(02:14 / All) ROFL_NOOBS: I didn't even know you could harass with wisps
(02:17 / All) ROFL_NOOBS: but apparently you can
(02:18 / All) ROFL_NOOBS: WOW
(02:29 / All) blntsmkr: yea it takes a mental toll
(02:31 / All) ROFL_NOOBS: can't believe this
(02:33 / All) ROFL_NOOBS: holy shit
(02:42 / All) flame_striked: yeah lol
(02:47 / All) flame_striked: uprooted his tree
(02:48 / All) flame_striked: nice
(02:56 / All) ROFL_NOOBS: TIME TO INFLICT SOME COLLATERAL DAMAGE
(02:57 / All) blntsmkr: no way lol
(03:05 / All) flame_striked: HAY THATS MY TRICK
(03:12 / All) ROFL_NOOBS: HAH
(03:27 / All) flame_striked: nice xp for killing it :o
(03:37 / All) ROFL_NOOBS: Don't you only get exp for the factory?
(03:47 / All) flame_striked: yeah, but the xp was nice
(03:52 / All) ROFL_NOOBS: Ah
(04:04 / All) ROFL_NOOBS: Yeah, but I drained your wells!!!!
(04:13 / All) flame_striked: O NOES
(04:17 / All) ROFL_NOOBS: !!!
(04:18 / All) flame_striked: YOU SON OF A BITCH
(04:27 / All) ROFL_NOOBS: oh man
(04:31 / All) ROFL_NOOBS: If blue can't handle a wisp harass
(04:38 / All) ROFL_NOOBS: I hate to see him face a blademaster
(05:06 / Allies) tarragon: fuck should have got dust
(06:18 / Allies) DANTE101: wood
(06:49 / Allies) tarragon: got him
(06:51 / Allies) tarragon: yeah
(07:06 / All) NextUp: i talk u fucking cunt
(08:40 / All) flame_striked: fuck this pies, 2 allies arent talking and a leaver
(08:41 / All) flame_striked: gg
(08:51 / All) ROFL_NOOBS: lol